Map: Neon Violet Square LE

Players

BootyJorts - Winner!

  • Race: Zerg Zerg
  • League: Diamond
  • Spawn Location: 5:00

OvenBird

  • Race: Protoss Protoss
  • League: Diamond
  • Spawn Location: 11:00

VOD

Have the link to the VOD?

Description

Time

  • Played on: April 27, 2018, 1:26 a.m.
  • Length: 4:15
Show
View Real Time Build Order
Export as new Build Order

BootyJorts Zerg - Winner!

Build Orders: Pool Only 

Get SALT Encoding   

  12  0:01  Drone  
  13  0:09  Extractor  
  12  0:25  Spawning Pool  
  11  0:29  Drone  
  11  0:35  Drone  
  13  0:41  Drone  
  14  0:52  Overlord  
  14  1:03  Extractor, Drone  
  15  1:13  Lair  
  15  1:18  Zergling x2  
  16  1:23  Zergling x2  
  17  1:28  Extractor  
  17  1:31  Drone  
  17  1:35  Drone  
  18  1:56  Zergling x4  
  20  2:08  Zergling x2  
  21  2:16  Nydus Network  
  20  2:27  Metabolic Boost  
  20  2:30  Zergling x2  
  20  2:31  Zergling x2  
  22  2:39  Overlord  
  24  3:02  Nydus Canal  
  22  3:07  Zergling x4  
  24  3:18  Zergling x2  
  25  3:27  Spine Crawler  
  25  3:28  Spine Crawler  
  23  3:39  Zergling x4  
  23  3:50  Zergling x2  
Show
View Real Time Build Order
Export as new Build Order

OvenBird Protoss 

Build Orders: 1 Gate Expand 

Get SALT Encoding   

  12  0:02  Probe  
  13  0:14  Probe  
  14  0:22  Pylon  
  14  0:26  Probe  
  15  0:39  Probe  
  15  0:42  Gateway  
  16  0:48  Probe  
  16  0:52  Assimilator  
  16  0:56  Probe  
  18  1:07  Probe  
  19  1:19  Probe  
  20  1:30  Nexus  
  19  1:55  Pylon  
  19  1:56  Zealot  
  19  1:58  Cybernetics Core  
  19  1:59  Pylon  
  19  2:03  Pylon  
  21  2:11  Probe  
  21  2:12  Assimilator  
  22  2:19  Probe  
  22  2:29  Probe  
  23  2:35  Pylon  
  24  2:38  Stalker  
  26  2:54  Robotics Facility  
  26  2:57  Probe  
  27  3:06  Gateway  
  27  3:09  Probe  
  28  3:24  Shield Battery  
  28  3:27  Pylon  
  25  3:38  Adept  
Tags
 
Add a new tag
Caveats
  • Supply blocks, unpowered buildings, or Contaminate may cause inaccurate times.
  • Supply counts are checked every 10 seconds.